 Dungeon Crawl Stone Soup version 0.28.0-49-g6dfe1f597d (webtiles) character file.

Game seed: 15839682188120853874

244 tyrsky the Ruffian (level 6, -5/52 HPs)
             Began as a Ghoul Fighter on May 17, 2022.
             Was an Initiate of Ashenzari.
             Killed from afar by Ijyb (7 damage)
             ... with a puff of flame
             ... on level 5 of the Dungeon.
             The game lasted 00:07:33 (776 turns).

tyrsky the Ruffian (Ghoul Fighter)                   Turns: 776, Time: 00:07:34

Health: -5/52      AC:  6    Str: 22    XL:     6   Next: 10%
Magic:  5/5        EV:  9    Int:  3    God:    Ashenzari [......]
Gold:   28         SH:  4    Dex:  8    Spells: 5/5 levels left

rFire   . . .      SeeInvis .     - Unarmed
rCold   + . .      Faith    .   b - +0 buckler
rNeg    + + +      Spirit   .   a - +0 scale mail
rPois   ∞          Reflect  .   (no helmet)
rElec   .          Harm     .   (no cloak)
rCorr   .          Rampage  .   (no gloves)
Will    .....                   (no boots)
Stlth   ..........              (no amulet)
HPRegen 0.00/turn               (no ring)
MPRegen 0.09/turn               (no ring)

@: inhibited regen
A: claws 1, cold resistance 1, negative energy resistance 3, inhibited
regeneration, torment resistance 2
a: Renounce Religion, Curse Item


You were on level 5 of the Dungeon.
You worshipped Ashenzari.
Ashenzari was noncommittal.
You visited 1 branch of the dungeon, and saw 5 of its levels.

You collected 28 gold pieces.

Inventory:

Armour
 a - a +0 scale mail (worn)
 b - a +0 buckler (worn)
Potions
 c - a potion of might
 d - a potion of heal wounds {unknown}
 e - a potion of mutation {unknown}
 f - 2 potions of curing {unknown}
 g - a potion of magic {unknown}


   Skills:
 + Level 4.1 Fighting
 + Level 3.5 Armour
 + Level 0.5 Dodging
 + Level 0.1 Stealth
 + Level 3.4 Shields
 + Level 4.8 Unarmed Combat


You had 5 spell levels left.
You didn't know any spells.
Your spell library contained the following spells:

 Spells                   Type           Power      Damage    Failure   Level
 Summon Small Mammal      Summ           0%         N/A       91%         1
 Call Canine Familiar     Summ           0%         N/A       99%         3
 Summon Guardian Golem    Hex/Summ       0%         N/A       99%         3
 Tukima's Dance           Hex            0%         N/A       99%         3
 Passage of Golubria      Tloc           0%         N/A       100%        4
 Yara's Violent Unravell  Hex/Tmut       0%         3d3       100%        5
 Summon Hydra             Summ           0%         N/A       100%        7
 Sublimation of Blood     Necr           Unusable   N/A       N/A         2
 Wereblood                Tmut           Unusable   N/A       N/A         2

Dungeon Overview and Level Annotations

Branches:
Dungeon (5/15)
 Temple: D:4-7

Altars:
Ashenzari

Annotations:
D:5 Ijyb


Innate Abilities, Weirdness & Mutations

You thrive by killing the living.
You are immune to poison.
You have sharp fingernails.
Your flesh is cold resistant. (rC+)
You are immune to negative energy. (rN+++)
You do not regenerate when monsters are visible.
You are immune to unholy pain and torment.


Message History

The jackal bites you but does no damage.
You barely miss the jackal.
The jackal bites you but does no damage.
You closely miss the jackal. The jackal closely misses you.
You barely miss the jackal. You block the jackal's attack.
You completely miss the jackal. You block the jackal's attack.
The jackal closely misses you.
You scratch the jackal.
The jackal is lightly wounded.
The jackal bites you.
You claw the jackal!
You kill the jackal!
You feel better.
You see here a jackal corpse.
There is an escape hatch in the floor here.
You slide downwards.
The hatch slams shut behind you.
Ijyb shouts!
Found 9 gold pieces.
You closely miss the adder. You block the adder's attack.
You miss the adder.
Ijyb zaps a wand.
The puff of flame hits you. The adder bites you but does no damage.
You miss the adder.
Ijyb zaps a wand.
The puff of flame hits you. The adder bites you.
You miss the adder. The adder bites you but does no damage.
Ijyb zaps a wand.
The puff of flame hits you.
You scratch the adder.
The adder is heavily wounded.
The adder bites you.
You claw the adder!
You kill the adder!
Ijyb zaps a wand.
The puff of flame misses you. Ijyb hits you with a +0 club.
You closely miss Ijyb.
Ijyb zaps a wand.
The puff of flame hits you!
* * * LOW HITPOINT WARNING * * *
You scratch Ijyb but do no damage.
Ijyb zaps a wand.
The puff of flame hits you!
* * * LOW HITPOINT WARNING * * *
You scratch Ijyb but do no damage.
Ijyb zaps a wand.
The puff of flame hits you!
You die...

# .. ...
....#########
............#
............#
......g@....#
............#
............#
...........$#
#############


You could see Ijyb.

Vanquished Creatures
  A necrophage (D:4)
  A scorpion (D:4)
  A hound (D:4)
  A hound skeleton (D:4)
  An adder (D:5)
  An adder skeleton (D:4)
  2 worms
  A dart slug (D:3)
  An orc (D:4)
  7 endoplasms
  2 giant cockroaches
  2 goblins
  3 hobgoblins
  3 jackals (D:4)
  A quokka (D:4)
  3 ball pythons
  A bat (D:2)
  2 rats (D:1)
34 creatures vanquished.

Notes
Turn   | Place    | Note
-------+----------+-------------------------------------------
     0 | D:1      | tyrsky the Ghoul Fighter began the quest for the Orb.
     0 | D:1      | Reached XP level 1. HP: 19/19 MP: 0/0
   140 | D:3      | Found a faded altar of an unknown god.
   142 | D:3      | Prayed at the altar of an unknown god.
   142 | D:3      | Became a worshipper of Ashenzari the Shackled
   151 | D:4      | Noticed a scorpion
   243 | D:3      | Reached XP level 2. HP: 24/26 MP: 1/1
   418 | D:4      | Identified the +4 ring mail of Mental Paralysis {rCorr}
   545 | D:1      | Reached XP level 3. HP: 30/33 MP: 2/2
   627 | D:4      | Killed a scorpion
   628 | D:4      | Reached XP level 4. HP: 36/40 MP: 3/3
   641 | D:4      | Reached XP level 5. HP: 43/46 MP: 4/4
   719 | D:4      | Noticed a necrophage
   733 | D:4      | Killed a necrophage
   736 | D:4      | Reached XP level 6. HP: 29/52 MP: 5/5
   765 | D:5      | Entered Level 5 of the Dungeon
   765 | D:5      | Noticed Ijyb
   775 | D:5      | HP: 2/52 [Ijyb/puff of flame (9)]
   776 | D:5      | Killed from afar by Ijyb

Illustrated notes

Levels and vault maps discovered:
D:1:      zaba_arrival_water, layout_basic, minmay_misc_feat_alley,
          supply_closet_lemuel, minmay_misc_feat_plants,
          ebering_dispersal_statue_hall, grunt_decor_mini_mirrors
D:2:      layout_basic, uniq_terence, uniq_jessica
D:3:      layout_basic, shapermc_ecumenical_altar_venn,
          wad_floor_pattern_untrapped
D:4:      layout_cave_pools, grunt_ministairs_13
D:5:      layout_basic, minmay_temple_entry_drinking_statues, uniq_ijyb,
          uniq_blork_the_orc, uniq_grinder, uniq_eustachio

Skill      XL: |  1  2  3  4  5 |
---------------+----------------+-----
Shields        | 3 |  3.4
Armour         | 3 |  3.5
Unarmed Combat | 3 4 |  4.8
Fighting       | 4 |  4.1
Dodging        | |  0.5
Stealth        | |  0.1

Action                   |  1- 3 |  4- 6 || total
-------------------------+-------+-------++-------
Melee: Unarmed           |    72 |    81 ||   153
  Use: Potion            |       |     1 ||     1
Armor: Scale mail        |    14 |    29 ||    43
Dodge: Dodged            |    38 |    35 ||    73
Block: Buckler           |     9 |    20 ||    29
